 Dungeon Crawl Stone Soup version 0.19-a0-706-g03de5d9 (webtiles) character file.

203 tyrsky the Stinger (level 5, -3/67 HPs)
             Began as a Naga Venom Mage on June 19, 2016.
             Killed from afar by an orc wizard (7 damage)
             ... with a puff of frost
             ... on level 3 of the Dungeon.
             The game lasted 00:07:13 (3557 turns).

tyrsky the Stinger (Naga Venom Mage)                Turns: 3557, Time: 00:07:14

Health: -3/67      AC: 22    Str: 12    XL:     5   Next: 81%
Magic:  0/8        EV:  1    Int: 15    God:
Gold:   200        SH:  0    Dex: 11    Spells: 3 memorised, 2 levels left

rFire  . . .     SeeInvis +       - Unarmed
rCold  . . .     Gourm    .     (armour currently unavailable)
rNeg   + + +     Faith    .     (no shield)
rPois  +         Spirit   .     (helmet currently unavailable)
rElec  .         Dismiss  .     (cloak currently unavailable)
rCorr  .         Reflect  .     (gloves currently unavailable)
SustAt .         Harm     .     (no barding)
MR     .....     NoTele   +     (no amulet)
Stlth  +++.......               (no ring)
                                (no ring)

@: tree-form, not resistant to hostile enchantments, fairly stealthy
A: see invisible, (deformed body), (poison resistance), (slowness 0), slow
metabolism 1, spit poison 2, AC +1
a: Spit Poison


You were on level 3 of the Dungeon.
You were not hungry.
You were a tree.
You visited 1 branch of the dungeon, and saw 3 of its levels.

You collected 200 gold pieces.

Inventory:

Armour
 a - a +0 robe
 o - a +2 chain mail of fire resistance
 r - a cursed +0 robe (melded)
Jewellery
 f - an uncursed ring of protection from magic {unknown}
Scrolls
 d - 6 scrolls of identify {unknown}
 h - a scroll of remove curse {unknown}
 k - a scroll of enchant armour {unknown}
 q - a scroll of magic mapping {unknown}
Potions
 e - a potion of might {unknown}
 g - a potion of lignification
 i - a potion of cure mutation {unknown}
 j - a potion of degeneration {unknown}
 m - a potion of brilliance {unknown}
 n - a potion of flight {unknown}
Books
 b - a Young Poisoner's Handbook

   Spells                             Type                      Level
   a - Sting                          Conjuration/Poison           1
   b - Cure Poison                    Poison                       2
   c - Mephitic Cloud                 Conjuration/Poison/Air       3
   d - Olgreb's Toxic Radiance        Poison                       4
   e - Venom Bolt                     Conjuration/Poison           5
Comestibles
 c - 3 bread rations
 p - a royal jelly


   Skills:
 + Level 1.8 Fighting
 - Level 1.4 Armour
 + Level 2.6 Dodging
 - Level 3.0 Stealth
 + Level 2.2 Unarmed Combat
 + Level 2.3 Spellcasting
 + Level 6.1 Poison Magic


You had 2 spell levels left.
You knew the following spells:

 Your Spells              Type           Power        Failure   Level  Hunger
a - Sting                 Conj/Pois      ##..         8%          1    #......
b - Cure Poison           Pois           ###.......   2%          2    ###....
c - Mephitic Cloud        Conj/Pois/Air  #.......     30%         3    ###....


Dungeon Overview and Level Annotations

Branches:
Dungeon (3/15)

Altars:


Innate Abilities, Weirdness & Mutations

You cannot wear boots.
((Your serpentine skin is tough. (AC +1)))
You have supernaturally acute eyesight. (SInv)
((Armour fits poorly on your strangely shaped body.))
((Your system is resistant to poisons. (rPois)))
((You cover ground very slowly.))
You have a slow metabolism.
You can spit poison.


Message History

The sting hits the orc wizard.
The orc wizard is poisoned.
The orc wizard is almost dead.
The orc wizard hits you with a dagger!
* * * LOW HITPOINT WARNING * * *
You closely miss the orc wizard.
The orc wizard is almost dead.
The orc wizard hits you with a dagger.
* * * LOW HITPOINT WARNING * * *
The orc wizard casts a cantrip, but nothing happens.
Okay, then.
It was a potion of lignification.
You turn into a tree.
Your cursed +0 robe melds into your body.
Your roots penetrate the ground.
The orc wizard hits you but does no damage.
Your magical contamination has completely faded away.
You completely miss the orc wizard.
The orc wizard is almost dead.
The orc wizard gestures at you while chanting.
The puff of frost hits you!
You die...

### #.....#.......#.## #.# ##.
#..............#.## #.# ##.#
#######.........#.###.###.#)
##.####....#.##)##.#.. #######
#.# #.....#.#.#.#... ......#
#####.####......#.#.#....
#####.###........#.......#.#.....
#..##.###.##.#........#......
##.##.# #.##♣###...÷..#......
######..#.# #.##o##.#.....#...8..
.<........# #.##)###.....###8...8
....###..## #.##.##.#.....#......
....# ##.## #.##.####.....#......
....# #..# #.##..##.....#.#.....
....# ##.# #.##..'..............
....# #.###.##.###.....#.#.....
##### #.)##.##.# ##.....#......


You could see an orc wizard.

Vanquished Creatures
  An orc wizard (D:3)
  9 adders (D:2)
  2 oozes
  A worm (D:2)
  3 dart slugs (D:2)
  4 giant geckos
  7 orcs (D:3)
  4 giant cockroaches (D:1)
  8 goblins
  5 hobgoblins
  8 jackals (D:2)
  5 kobolds
  6 bats
  2 giant newts
  13 rats
78 creatures vanquished.

Notes
Turn   | Place    | Note
--------------------------------------------------------------
     0 | D:1      | tyrsky the Naga Venom Mage began the quest for the Orb.
     0 | D:1      | Reached XP level 1. HP: 15/15 MP: 3/3
   288 | D:1      | Reached XP level 2. HP: 22/22 MP: 1/5
   297 | D:1      | Reached skill level 1 in Unarmed Combat
   901 | D:1      | Reached XP level 3. HP: 28/28 MP: 0/6
  1862 | D:2      | Reached skill level 1 in Armour
  1862 | D:2      | Reached XP level 4. HP: 37/37 MP: 2/7
  2245 | D:2      | Reached skill level 1 in Fighting
  2527 | D:2      | Reached XP level 5. HP: 35/44 MP: 3/8
  2717 | D:2      | Reached skill level 6 in Poison Magic
  3301 | D:3      | Learned a level 2 spell: Cure Poison
  3305 | D:3      | Learned a level 3 spell: Mephitic Cloud
  3557 | D:3      | Killed from afar by an orc wizard

Vault maps used:
D:1:      minmay_arrival_four_circles, hangedman_glass_teeth
D:2:      wad_river_or_something, kennysheep_boxes
D:3:      wad_pebble_path, minitemple, minmay_misc_feat_x

Skill      XL: |  1  2  3  4  5 |
---------------+----------------+-----
Unarmed Combat | 1 2 |  2.2
Dodging        | 2 |  2.6
Armour         | 1 |  1.4
Fighting       | 1 |  1.8
Poison Magic   | 6 |  6.1
Stealth        | |  3.0
Spellcasting   | |  2.3

Action                   |  1- 3 |  4- 6 || total
-------------------------+-------+-------++-------
Melee: Unarmed           |    38 |    34 ||    72
 Cast: Sting             |    84 |   114 ||   198
       Mephitic Cloud    |       |     2 ||     2
 Abil: Spit Poison       |     1 |     7 ||     8
  Use: Potion            |       |     1 ||     1
  Eat: Chunk             |     3 |     8 ||    11
Armor: Robe              |    10 |    13 ||    23
       Skin              |       |     1 ||     1
Dodge: Dodged            |    27 |    32 ||    59
